Cogmind - Beta 15 @@@ ROGUE MODE // 2025.05.09 @ 19:10:39 Player: N.W.L. Result: Destroyed by EH-AQ7(R) with Subdweller Beam Cannon Performance ------------- Evolutions (0) 0 Regions Visited (2) 400 Robots Destroyed (49) 245 Value Destroyed (1242) 1242 Prototype IDs (0) 0 Alien Tech Used (0) 0 Bonus (0) 0 TOTAL SCORE: 1887 Bonus ------- None Cogmind --------- Core Integrity 0/250 Matter 272/300 Energy 96/100 System Corruption 0% Temperature Cool (9) Movement Treading (160) Location -10/Subcaves Parts ------- > --- POWER (1) -------- (None) > --- PROPULSION (2) --- Spiked Treads Spiked Treads > --- UTILITY (2) ------ Scrap Shield > --- WEAPON (2) ------- Subdweller Machine Gun Battle Cannon > --- INVENTORY (5) ---- Riot Gun Makeshift Shrapnel Gun Subdweller Shrapnel Launcher Subdweller Shrapnel Launcher Makeshift Axe Peak State ------------ > --- POWER ------------ Subdweller Power Source > --- PROPULSION ------- Spiked Treads Spiked Treads > --- UTILITY ---------- Scrap Shield > --- WEAPON ----------- Subdweller Machine Gun Makeshift Shrapnel Gun > --- INVENTORY -------- Riot Gun Battle Cannon Grenade Launcher Subdweller Shrapnel Launcher Makeshift Axe [Rating: 17] Favorites ----------- Power Ion Engine Engine Ion Engine Propulsion Light Treads Treads Light Treads Utility Large Storage Unit Device Seismic Detector Storage Large Storage Unit Protection Scrap Shield Weapon Beam Cannon Energy Gun Subdweller Laser Energy Cannon Beam Cannon Ballistic Gun Subdweller Machine Gun Ballistic Cannon Battle Cannon Launcher Grenade Launcher Special Weapon Mining Laser Build | -11 -10 -10 ------- Run | Yrd Mat Sub Slots Evolved . | . . . Power . | . . . Propulsion . | . . . Utility . | . . . Weapon . | . . . Parts Attached 34 | 7 11 16 Power 4 | 1 1 2 Engine 4 | 1 1 2 Core . | . . . Reactor . | . . . Propulsion 6 | 2 . 4 Treads 6 | 2 . 4 Leg . | . . . Wheel . | . . . Hover . | . . . Flight . | . . . Utility 9 | 2 3 4 Device 5 | 1 2 2 Storage 2 | 1 1 . Processor . | . . . Hackware . | . . . Protection 2 | . . 2 Artifact . | . . . Weapon 15 | 2 7 6 Energy Gun 3 | 1 1 1 Energy Cannon 4 | . 4 . Ballistic Gun 4 | 1 1 2 Ballistic Cannon 1 | . . 1 Launcher 2 | . . 2 Special Weapon 1 | . 1 . Impact Weapon . | . . . Slashing Weapon . | . . . Piercing Weapon . | . . . Special Melee Weapon . | . . . Unidentified Prototypes . | . . . Parts Lost 12 | . 2 10 Power 4 | . 1 3 Propulsion 3 | . . 3 Utility 1 | . . 1 Weapon 4 | . 1 3 Highest Loss Streak 3 | . 1 3 To Critical Strikes . | . . . Average Backups 10 | 1 12 9 Power . | . . . Propulsion . | . 1 . Utility 2 | . 3 2 Weapon 6 | . 6 6 Tool/Special . | . . . Unused Backups 8 | . . 8 Power . | . . . Propulsion . | . . . Utility 3 | . . 3 Weapon 4 | . . 4 Tool/Special 1 | . . 1 Average Slot Usage (%) 94 | . 99 91 Engine 13 | . 14 12 Treads 27 | . 28 27 Device 10 | . 14 8 Storage 10 | . 14 7 Protection 3 | . . 5 Energy Gun 1 | . 2 1 Energy Cannon 15 | . 22 11 Ballistic Gun 7 | . 2 10 Special Weapon 2 | . . 3 Peak Build Rating 17 | 7 8 17 Average Rating 9 | 4 7 10 On Entrance 5 | . 7 8 Naked Turns . | . . . Heaviest Build 32 | 15 32 32 Greatest Support 40 | 40 40 40 Greatest Overweight (x) 10 | . . 10 Average Overweight (x) . | . . . Largest Inventory Capacity 15 | 8 15 15 Average Capacity 11 | 6 14 10 Most Carried 15 | 3 15 15 Average Carried 10 | 1 12 9 Final Capacity 15 | 8 15 5 Final Carried 15 | 3 15 5 Class Distribution -------------------- 59% | Mutant 24% | Subdweller-Mutant 15% | Scavenger-Mutant Dominant Class ---------------- Mutant | -10/Materials Subdweller-Mutant | -10/Subcaves Resources | -11 -10 -10 ----------- Run | Yrd Mat Sub Matter Collected 958 | 223 296 439 Remotely . | . . . Salvage Created 1651 | 115 1186 350 Parts 100 | 9 69 22 Haulers Intercepted 2 | . 2 . Recyclers Shooed . | . . . Parts Field Recycled . | . . . Retrieved Matter . | . . . Parts Self-Destructed 23 | . . 23 Prevented . | . . . Kills | -11 -10 -10 ------- Run | Yrd Mat Sub Combat Hostiles Destroyed 33 | . 21 12 Guns 12 | . 6 6 Cannons 19 | . 14 5 AOE 1 | . 1 . Classes Destroyed 12 | 2 8 2 Worker 2 | . 2 . Builder 1 | . 1 . Tunneler 2 | 2 . . Hauler 2 | . 2 . Recycler 1 | 1 . . Mechanic 1 | . 1 . Operator 2 | . 2 . Turret 2 | . . 2 Watcher 3 | . 3 . Swarmer 7 | . 3 4 Grunt 18 | . 18 . Subdweller 8 | . . 8 Best Kill Streak 4 | 3 4 4 Combat Bots Only 4 | . 3 4 Max Kills in Single Turn 2 | 1 2 1 Gunslinging . | . . . Exploded 1 | . 1 . Melee . | . . . Uniques/NPCs Destroyed . | . . . Combat | -11 -10 -10 -------- Run | Yrd Mat Sub Hostile Shots Fired 199 | . 94 105 Missed 56 | . 25 31 Hits 143 | . 69 74 Projectile 143 | . 69 74 Critical Strikes 2 | . 2 . Damage Taken 1777 | . 750 1027 Core 250 | . 133 117 Absorbed by Shields . | . . . Regen/Repaired (Parts) 100 | . 100 . Core Remaining (%) 100 | 100 . . Volleys Fired 167 | 7 89 71 Largest 2 | 2 2 2 Hottest 120 | 60 120 120 Shots Fired 301 | 14 175 112 Gun 118 | 14 57 47 Cannon 155 | . 116 39 Launcher 8 | . . 8 Special 20 | . 2 18 Kinetic 84 | 7 35 42 Thermal 188 | . 126 62 Explosive 8 | . . 8 Electromagnetic 21 | 7 14 . Robot Hit Streak 16 | 4 16 12 Robot Miss Streak 8 | 8 5 3 Penetration Max . | . . . Secondary Targets . | . . . Shots Hit Robots 163 | 4 101 58 Core Hits 63 | 4 38 21 Critical Kills 1 | . . 1 Critical Parts Destroyed . | . . . Critical Strikes 2 | . 1 1 Burn 1 | . 1 . Meltdown 1 | . . 1 Melee Attacks . | . . . Impact . | . . . Slashing . | . . . Piercing . | . . . Sneak Attacks . | . . . Combat Hostiles . | . . . Follow-up Attacks . | . . . Damage Inflicted 3186 | 55 1922 1209 Guns 1291 | 55 628 608 Cannons 1466 | . 1030 436 Explosions 426 | . 261 165 Melee . | . . . Ramming 3 | . 3 . Kinetic 940 | 15 331 594 Thermal 1831 | . 1381 450 Explosive 165 | . . 165 Electromagnetic 247 | 40 207 . Impact . | . . . Slashing . | . . . Piercing . | . . . Highest Corruption . | . . . Average Corruption . | . . . Corruption Purged . | . . . Corruption Blocked . | . . . Overload Shots . | . . . Overflow Damage 104 | . 74 30 Projectiles 45 | . 15 30 Explosions 59 | . 59 . Melee . | . . . Knockbacks 1 | . . 1 Impact . | . . . Kinetic 1 | . . 1 Secondary . | . . . Self-Inflicted Damage 53 | . 53 . Shots 2 | . 2 . Rammed 1 | . 1 . Targets Rammed 1 | . 1 . Kicked . | . . . Crushed . | . . . Highest Temperature 540 | . 540 . Average Temperature 96 | . 96 . Received Heat Transfer 489 | . 342 147 Effects 5 | . 5 . Short Circuit 2 | . 2 . Damage (major) 3 | . 3 . Siege Activations . | . . . Martial Activations . | . . . Shielding Activations . | . . . Robots Disrupted . | . . . Combat Hostiles . | . . . Robots Corrupted . | . . . Combat Hostiles . | . . . Parts Fried . | . . . Impact Corruptions . | . . . Robots Melted 1 | . . 1 Combat Hostiles 1 | . . 1 Parts Melted 6 | . 3 3 Heat Transferred 3581 | . 2692 889 Parts Sabotaged . | . . . Parts Stolen . | . . . Parts Stripped . | . . . Power Chain Reactions 3 | . 3 . Alert | -11 -10 -10 ------- Run | Yrd Mat Sub Maximum Alert Level 1 | . 1 . Low Security (%) 57 | 100 54 . Level 1 42 | . 45 . Level 2 . | . . . Level 3 . | . . . Level 4 . | . . . Level 5 . | . . . High Security . | . . . Max Security . | . . . Peak Influence 249 | 10 249 . Initial . | . . . Average 156 | 1 166 . Influence Increases 981 | 15 741 225 Destroy 0b10 Robot/C 540 | . 420 120 Destroy 0b10 Robot/NC 70 | 15 55 . Destroy Leader 100 | . 100 . Successful Hack 23 | . 23 . Select Force Hacks 30 | . 30 . Disable Machine 45 | . 45 . Destroy Structure 23 | . 23 . Lose Combat Pursuer 150 | . 45 105 Influence Decreases 981 | 15 527 439 Entered New Map 103 | . . 103 Time Decay 794 | 15 507 272 Lost Part 84 | . 20 64 Squads Dispatched 6 | . 6 . Investigation 4 | . 4 . Extermination . | . . . Reinforcement 2 | . 2 . Assault . | . . . Garrison . | . . . Intercept . | . . . Searches Triggered . | . . . Construction Impeded . | . . . Haulers Reinforced . | . . . Active Scanning Responses . | . . . Cargo Convoy Interrupts . | . . . Stealth | -11 -10 -10 --------- Run | Yrd Mat Sub Distress Signals 1 | . 1 . Communications Jammed . | . . . Distress Signals . | . . . Times Spotted 50 | . 31 19 Peak Tracking Total 5 | . 5 5 Tactical Retreats 6 | . 2 4 Traps | -11 -10 -10 ------- Run | Yrd Mat Sub Traps Triggered 2 | . 2 . Indirectly . | . . . Trap Hack Attempts . | . . . Triggered . | . . . Disarmed . | . . . Reprogrammed . | . . . Reused . | . . . Traps Extracted . | . . . Installed . | . . . Triggered . | . . . Machines | -11 -10 -10 ---------- Run | Yrd Mat Sub Machines Disabled 7 | . 3 4 Max in Single Turn 3 | . 1 3 Machines Repaired . | . . . Machines Dismantled . | . . . Machines Sabotaged . | . . . Overloaded Fab Kills . | . . . Hacking | -11 -10 -10 --------- Run | Yrd Mat Sub Machines Accessed 9 | . 8 1 Terminals 6 | . 6 . Fabricators . | . . . Repair Stations 1 | . 1 . Recycling Units 1 | . 1 . Scanalyzers . | . . . Garrison Access . | . . . Total Hacks 33 | . 28 5 Successful 19 | . 14 5 Failed 14 | . 14 . Catastrophic . | . . . Database Lockouts . | . . . Manual 22 | . 22 . Terminals 21 | . 21 . Fabricators . | . . . Repair Stations 5 | . 5 . Recycling Units 2 | . 2 . Scanalyzers . | . . . Garrison Access . | . . . Terminal Hacks 6 | . 1 5 Record 5 | . . 5 Robot Analysis 1 | . 1 . Fabricator Hacks . | . . . Repair Station Hacks 4 | . 4 . Scan Component 2 | . 2 . Repair 2 | . 2 . Recycling Unit Hacks 1 | . 1 . Retrieve Components 1 | . 1 . Scanalyzer . | . . . Garrison Access Hacks . | . . . Unauthorized Hacks 8 | . 8 . Terminals 7 | . 7 . Operators 2 | . 2 . Skim 5 | . 5 . Fabricators . | . . . Repair Stations . | . . . Recycling Units 1 | . 1 . Tunnel 1 | . 1 . Scanalyzers . | . . . Garrison Access . | . . . Data Cores Recovered . | . . . Used . | . . . Hacking Detections 7 | . 7 . Full Trace Events 1 | . 1 . Feedback Events . | . . . Feedback Blocked . | . . . Robot Schematics Acquired . | . . . Robots Built . | . . . Authchips . | . . . Time . | . . . Total Robot Build Rating . | . . . Part Schematics Acquired . | . . . Parts Built . | . . . Authchips . | . . . Time . | . . . Total Part Build Rating . | . . . Parts Repaired 2 | . 2 . Time 72 | . 72 . Parts Recycled . | . . . Recycled Matter . | . . . Retrieved Matter . | . . . Retrieved Components 9 | . 9 . Parts Scanalyzed . | . . . Part Schematics Acquired . | . . . Parts Damaged . | . . . Bothacking | -11 -10 -10 ------------ Run | Yrd Mat Sub Used RIF Installer . | . . . Robots Hacked . | . . . Non-combat . | . . . Combat . | . . . Robot Hacks Applied . | . . . Relay Couplers Released . | . . . Fabnet Peak Effective % . | . . . Robots Rewired . | . . . Allies Hacked . | . . . Hacks Repelled . | . . . Allies | -11 -10 -10 -------- Run | Yrd Mat Sub Total Allies . | . . . Largest Group . | . . . Highest-Rated Group . | . . . Highest-Rated Ally . | . . . Total Orders . | . . . Ally Attacks . | . . . Total Damage . | . . . Kills . | . . . Allies Corrupted . | . . . Allies Melted . | . . . Intel | -11 -10 -10 ------- Run | Yrd Mat Sub Active Infowar (turns) 1710 | 17 440 1253 Optics 50 | . . 50 Seismic 1660 | 17 440 1203 Robot Analysis Total 1 | . 1 . Derelict Logs Recovered 1 | . . 1 Drone Launches . | . . . Drone Recoveries . | . . . Exploration | -11 -10 -10 ------------- Run | Yrd Mat Sub Turns Passed 4099 | 98 1525 2476 Spaces Moved 2051 | 45 705 1301 Core 15 | 7 . 8 Treads 2036 | 38 705 1293 Legs . | . . . Wheels . | . . . Hover . | . . . Flight . | . . . Fastest Speed 50 | 50 160 160 Average Speed 161 | 142 160 162 Slowest Speed 550 | 160 160 550 Overloaded Moves . | . . . Propulsion Burnouts . | . . . Robots Hopped . | . . . Potential Cave-ins . | . . . Cave-ins Triggered . | . . . Exploration Rate (%) 55 | 4 97 66 Regions Visited 2 Branch Regions 1 Pre-discovered Areas 2 | . 1 1 Known Exits Taken . | . . . Unknown Exits Taken 2 | 1 1 . Scrap Searched 5 | . . 5 Spaces Dug 2 | . 2 . Terrain Destroyed 30 | . 18 12 Melee . | . . . Projectile 2 | . 2 . AOE 28 | . 16 12 Terrain Rammed . | . . . Walls Destroyed . | . . . Machines Disabled . | . . . Actions | -11 -10 -10 --------- Run | Yrd Mat Sub Total 2499 | 61 921 1517 Wait 176 | . 93 83 Move 2049 | 44 704 1301 Hop . | . . . Pick Up 29 | 3 14 12 Fast Attach 18 | 7 3 8 Attach 11 | . 2 9 Detach 5 | . 3 2 Swap 22 | . 9 13 Drop 18 | . 3 15 Fire 167 | 7 89 71 Melee . | . . . Ram . | . . . Kick . | . . . Crush 1 | . 1 . Escape Stasis . | . . . Rewire . | . . . Trap . | . . . Miscellaneous 3 | . . 3 Route ------- -11/Scrapyard -10/Materials (discovered 5 exits: [*Mat x3] / [*Min] / *Sub) -10/Subcaves (discovered 3 exits: *Mat x2 / [*Rec]) History --------- Turn | Location | Event 6 | -11/Scrapyard | Discovered new exit (range 14) 99 | -11/Scrapyard | Entered Materials 328 | -10/Materials | Build established: Mutant 409 | -10/Materials | Discovered new exit (range 15) 803 | -10/Materials | Repaired Broken Beam Cannon 840 | -10/Materials | Repaired Broken Beam Cannon 1037 | -10/Materials | Discovered new exit (range 10) 1082 | -10/Materials | Discovered new exit (range 6) 1296 | -10/Materials | Discovered new exit (range 14) 1427 | -10/Materials | Core integrity fell below 50% 1448 | -10/Materials | Discovered new exit (range 16) 1540 | -10/Materials | Learned location of 2 exits from Mines 1624 | -10/Materials | Entered Subcaves 1625 | -10/Subcaves | Approached by a straggling Scientist 1647 | -10/Subcaves | Discovered new exit (range 14) 1655 | -10/Subcaves | Learned location of Zion (-6) 1716 | -10/Subcaves | A swath of the cavern ceiling suddenly collapsed 1859 | -10/Subcaves | Shifting Twisted Machinery released Flamer 1869 | -10/Subcaves | Shifting Twisted Machinery released Mak. Flight Unit 2347 | -10/Subcaves | Build established: Scavenger-Mutant 2567 | -10/Subcaves | Shifting Twisted Machinery released Sub. Machine Gun 2573 | -10/Subcaves | Shifting Twisted Machinery released Mak. Shrapnel Gun 2758 | -10/Subcaves | Shifting Twisted Machinery released Flamer 2771 | -10/Subcaves | Lost 3 parts (1p2w) 2989 | -10/Subcaves | Discovered new exit (range 12) 3046 | -10/Subcaves | Shifting Twisted Machinery released Spk. Treads 3068 | -10/Subcaves | Core integrity fell below 20% 3328 | -10/Subcaves | Build established: Subdweller-Mutant 3400 | -10/Subcaves | Visited Clippyterm 3405 | -10/Subcaves | Learned 40 Factory zone layouts 3405 | -10/Subcaves | Identified exit to Materials 3787 | -10/Subcaves | Disturbed a concealed Subdweller 4100 | -10/Subcaves | Destroyed by EH-AQ7(R) with Subdweller Beam Cannon Last Messages --------------- 03689_ Dropped Disposable Heat Sink. 03689_ Dropped Sub. Optics. 03724_ Subatomizers dissect the Grenade Launcher. 03787_ XH-DGO(R) angrily emerges from the Twisted Machinery. 03797_ XH-DGO(R) destroyed. 03801_ Scrap Shield Fragment affixed to Scrap Shield (+43). 03807_ Searching scrap... 03807_ Found Riot Gun. 03807_ Found Flamer. 03807_ Found 62 Matter. 03808_ Acquired 40 matter. 03810_ Searching scrap... 03810_ Found Mak. Axe. 03810_ Found 57 Matter. 03813_ Acquired Mak. Axe. 03818_ Acquired Riot Gun. 04057_ Dropped Grenade Launcher. 04070_ Acquired Sub. Shrapnel Launcher. 04085_ Sub. Power Source destroyed. 04097_ EH-AQ7(R) knocked back. Map ----- +----------------------------------------------------+ | ??????????????###???###??????????????????????????? | | ??????????#### ##?## ##???## ??????????????????? | | ????????### ### #??? #????????????????? | | ???????## ## #??? ##???????????????? | | ##?????# #? ##?? ##??????????????? | | #?????# #??# ##? #??????????????? | | #?????# ## ##?## #? ##?????????????? | | #####?# ##?###??# #? ###???????????? | | ### #####???## #### ??????????? | | ###### ##### ????????????? | | ## #???????????????? | | ## #???????????????? | | ?## ] #???????????????? | | ??## # ## # #???????????????? | | #??## ##### ##? #???????????????? | | #???###### ###### ## #???????????????? | | ???????### ####### ### # #???????????????? | | ??????## ##???# ### ##???????????????? | | ??##### #?????? ## ##??????????????? | | ??# ###???????# ### #??????????????? | | ??# ###??????##??# ## # #??????????????? | | ?## # ##????????# ## ##??????????????? | | ?# ##????????# ##???????????????? | | ?# #????????#% ##""""#????????????????? | | ?## # ##????????## ###""" #???????????????? | | ### #??????????# R % @ ###"""#???????????????? | | # ##?????????# #####?#"" #???????????????? | | ####??????# ??????"""##???????????????? | | # ###????# ##????????????????????????? | | #????## ###? ???????????????????? | | #?????# ? ????????????????????? | | ##?????# "? ?????????????????????? | | # ##??????# #" ??????????????????????? | | ####### ####???????# ????????????????????????? | | #######[ ##???????### ?????????????????????????? | | ## ##?????## ??????????????????????????? | | ###"" ##????# #???????????????????????????? | | ## """" ####?# #???????????????????????????? | | ####"""|" #?# ##???????????????????????????? | | # # "" "" ### ##???????????????????????????? | | " #???????????????????????????? | | " #### #???????????????????????????? | | "#"#" "#?## ! #### ###???????????????????????????? | | ########## ##?###?????????????????????????????? | | #?????## #?????????????????????????????????? | | #?????#" ####?????????????????????????????????? | | #?????### #????????????????????????????????????? | | ????????##!!##???????????????????????????????????? | | ??????#### #?####?###??????????????????????????? | | ??????# / ### ### ###????????????????????????? | +----------------------------------------------------+ Best States ------------- Heat Dissipation 35 Coolant Potential 50 Energy Generation 10 Energy Capacity 250 Matter Stores 300 Matter Capacity 300 Sight Range 21 Terrain Scan Density 10 Armor Coverage 800 Evasion (%) 40 Recoil Reduction 2 Item Schematics ----------------- None Robot Schematics ------------------ None Fabricated ------------ Nothing Repaired ---------- Beam Cannon | 22% | -10/Materials | Broken Beam Cannon | 78% | -10/Materials | Broken Alien Tech Used ----------------- None Achievements -------------- None Challenges ------------ None Game ------ Seed HackingInsulatedTearclaws Manual? 0 Play Time 00:31:35 Cumulative 488.3 hours Start 2025.05.09 @ 18:40:18 End 2025.05.09 @ 19:10:39 Sessions 1 Manual Loads 0 Difficulty Rogue Special Mode None Game No. 216 Rogue 216 Adventurer 0 Explorer 0 Win Type - Total 18 Types 10/2/6/0/0/0/0/0/0/0 Lore% 89 Gallery% 84 Achievement% 78 Wizard Run 0 Options --------- Layout 0 ASCII 0 Keyboard 1 Movement Numpad Keybinds 0 Fullscreen 2 Font 12/Smallcaps Map View 83x54 Zoom Use 0% Tactical HUD 1 Map Filters NONE Filters NONE Steam 1 RUN: 1b79322d-f0c9-4620-843e-391d11fcd01c